 Seeded DCSS version 0.30-a0-1043-g60ff8d5f49 (webtiles) character file.

Game seed: 13554538353924548722 (custom seed)

119 GigaChad the Shield-Bearer (level 5, -3/42 HPs)
             Began as a Formicid Fighter on Apr 11, 2023.
             Killed by nerve-wracking pain
             ... invoked by Grinder
              (7 damage)
             ... on level 3 of the Dungeon.
             The game lasted 00:02:29 (2011 turns).

GigaChad the Shield-Bearer (Formicid Fighter)       Turns: 2011, Time: 00:02:30

Health: -3/42      AC:  7    Str: 23    XL:     5   Next: 24%
Magic:  5/5        EV:  9    Int:  7    God:
Gold:   101        SH:  5    Dex: 13    Spells: 4/4 levels left

rFire   . . .      SeeInvis +    a - +0 war axe (heavy)
rCold   . . .      Faith    .    c - +0 buckler
rNeg    . . .      Spirit   .    b - +0 scale mail
rPois   .          Reflect  .    (helmet unavailable)
rElec   .          Rampage  .    (no cloak)
rCorr   .                        (no gloves)
Will    .....                    (no boots) Stlth
                                 (no amulet)
HPRegen 0.27/turn                (no ring)
MPRegen 0.09/turn                (no ring)

@: no status effects
A: permanent stasis, dig shafts and tunnels, antennae 3, four strong arms
a: Dig, Shaft Self


You were on level 3 of the Dungeon.
You visited 1 branch of the dungeon, and saw 3 of its levels.

You collected 101 gold pieces.

Inventory:

Hand Weapons
 a - a +0 heavy war axe (weapon)
Armour
 b - a +0 scale mail (worn)
 c - a +0 buckler (worn)
Jewellery
 m - a ring of protection from fire
Scrolls
 g - 3 scrolls of identify
 h - 2 scrolls of teleportation
 l - a scroll of poison {unknown}
 o - a scroll of magic mapping {unknown}
Potions
 d - 3 potions of might
 e - 2 potions of flight {unknown}
 f - a potion of curing
 i - a potion of mutation {unknown}
 j - a potion of ambrosia {unknown}
 k - a potion of heal wounds {unknown}
 n - a potion of attraction {unknown}


   Skills:
 + Level 4.0 Fighting
 + Level 2.9 Axes
 + Level 4.5 Armour
 + Level 0.3 Dodging
 + Level 0.6 Stealth
 + Level 4.5 Shields


You had 4 spell levels left.
You didn't know any spells.
Your spell library contained the following spells:

 Spells                   Type           Power      Damage    Failure   Level
 Slow                     Hex            0%         N/A       80%         1
 Static Discharge         Conj/Air       0%         2-2/arc   91%         2
 Confusing Touch          Hex            0%         N/A       99%         3
 Vampiric Draining        Necr           0%         2d6       99%         3
 Airstrike                Air            0%         2d(0-16)  100%        4
 Summon Lightning Spire   Summ/Air       0%         N/A       100%        4


Dungeon Overview and Level Annotations

Branches:
Dungeon (3/15)

Altars:

Shops:
D:2 **=?=

Annotations:
D:3 Grinder


Innate Abilities, Weirdness & Mutations

You cannot be hasted, slowed, berserked, paralysed or teleported.
You can dig through walls and to a lower floor.
You have a pair of large antennae on your head. (SInv)
Your four strong arms can wield two-handed weapons with a shield.


Message History

You barely miss the adder. You barely miss the endoplasm.
The adder bites you but does no damage.
The endoplasm hits you but does no damage.
The adder bites you. The endoplasm freezes you.
You are frozen.
The adder closely misses you.
Unknown command.
You hit the adder.
The adder is heavily wounded.
You completely miss the endoplasm. You block the adder's attack.
You block the endoplasm's attack. The adder bites you but does no damage.
The endoplasm freezes you.
You are frozen.
Unknown command.
You slash the adder!
You kill the adder!
You slash the endoplasm!
You kill the endoplasm!
Grinder drinks a potion.
Grinder seems to grow stronger.
You slice Grinder!!
Grinder is severely wounded.
Grinder barely misses you. Grinder closely misses you. Grinder hits you!
You writhe in agony.
You closely miss Grinder.
Grinder is severely wounded.
Grinder hits you!
You writhe in agony.
* * * LOW HITPOINT WARNING * * *
Grinder hits you but does no damage.
You are too injured to fight recklessly!
You are too injured to fight recklessly!
You block Grinder's attack.
You slash Grinder!
Grinder is almost dead.
Grinder hits you.
* * * LOW HITPOINT WARNING * * *
You writhe in agony.
* * * LOW HITPOINT WARNING * * *
Grinder gestures at you. Pain shoots through your body!
You die...

#......#.##)##......
###........##.#..##..#
.......).....#.#.# ...#
.....##.##.......##...#
......#.##...#.......#
....#.#.##......###..##.
........................
......)....$...#........
.......@..#.#.###.##..##
.......5##..#.###.# .#
.........#.##.##..# ..
...........##^##.## #
#...<.........#†.####.#
#.............<†......#
##.!....##..........###
.......##..............
###############


You could see Grinder (strong).

Vanquished Creatures
  A gnoll (D:2)
  7 adders
  2 worms
  2 dart slugs
  4 endoplasms
  2 giant cockroaches
  4 goblins
  2 hobgoblins
  4 ball pythons
  A bat (D:1)
  4 frilled lizards
  5 kobolds
  4 rats
42 creatures vanquished.

Notes
Turn   | Place    | Note
-------+----------+-------------------------------------------
     0 | D:1      | GigaChad the Formicid Fighter began the quest for the Orb.
     0 | D:1      | Reached XP level 1. HP: 18/18 MP: 1/1
   153 | D:1      | Reached XP level 2. HP: 13/24 MP: 2/2
  1130 | D:2      | Reached XP level 3. HP: 27/29 MP: 3/3
  1165 | D:2      | Found Qedos's Jewellery Shop.
  1192 | D:2      | Reached XP level 4. HP: 37/37 MP: 4/4
  1257 | D:2      | Found Cofykeno's General Store.
  1346 | D:2      | Found Anamekhlu's Assorted Antiques.
  1654 | D:2      | Found Taolotum's Magic Scroll Boutique.
  1738 | D:2      | Found Toava's Jewellery Shoppe.
  1964 | D:3      | Reached XP level 5. HP: 42/42 MP: 5/5
  1996 | D:3      | Noticed Grinder
  2011 | D:3      | Killed from afar by Grinder

Illustrated notes

Levels and vault maps discovered:
D:1:      zelgadis_glass_arrival_small, layout_loops_ring
D:2:      layout_loops_ring, serial_shops, nicolae_shop_trees,
          nicolae_shop_waterfront, nicolae_shop_stone,
          nicolae_shop_temple_entry_statues_fountains, shop,
          pf_guarded_unrand_woodcutter
D:3:      layout_rooms, hex_medium, uniq_sigmund, uniq_grinder

Skill      XL: |  1  2  3  4 |
---------------+-------------+-----
Armour         | 4 |  4.5
Fighting       | 4 |  4.0
Axes           | |  2.9
Dodging        | |  0.3
Stealth        | |  0.6
Shields        | |  4.5

Action                     |  1- 3 |  4- 6 || total
---------------------------+-------+-------++-------
  Melee: War axe           |    48 |    55 ||   103
    Use: Scroll            |     6 |       ||     6
 Armour: Scale mail        |    24 |    33 ||    57
  Dodge: Dodged            |    18 |    36 ||    54
  Block: Buckler           |    13 |    22 ||    35

Table legend: (Time is in decaauts)
 A = Elapsed time spent in this place.
 B = Non-inter-level travel time spent in this place.
 C = Inter-level travel time spent in this place.
 D = Time resting spent in this place.
 E = Time spent auto-exploring this place.
 F = Levels seen in this place.
 G = Mean time per level.
                   A        B        C        D        E       F      G
               +--------+--------+--------+--------+--------+-----+--------+
         Total |   2096 |   2022 |     74 |    358 |   1210 |   3 |  698.7 |
       Dungeon |   2096 |   2022 |     74 |    358 |   1210 |   3 |  698.7 |
               +--------+--------+--------+--------+--------+-----+--------+

Top non-repeatable levels by time:
     D:1: 1101 daAuts
     D:2: 912 daAuts
     D:3: 82 daAuts
